 Dungeon Crawl Stone Soup version 0.32-a0-411-g744942f433 (webtiles) character file.

Game seed: 5961914886151741969

32 shadowstone the Vexing (level 3, -1/26 HPs)
             Began as a Coglin Hexslinger on Feb 20, 2024.
             Slain by a ribbon worm (7 damage)
             ... on level 2 of the Dungeon.
             The game lasted 00:03:35 (1032 turns).

shadowstone the Vexing (Coglin Hexslinger)          Turns: 1032, Time: 00:03:36

Health: -1/26      AC:  5    Str:  8    XL:     3   Next: 27%
Magic:  4/4        EV: 10    Int: 12    God:
Gold:   69         SH:  0    Dex: 18    Spells: 4/4 levels left

rFire   . . .        a - +1 sling {Hachiro}
rCold   . . .        (no shield)
rNeg    . . .        l - +0 ring mail
rPois   .            (no helmet)
rElec   .            d - scarf {+Inv}
rCorr   .            (no gloves)
SInv    .            (no boots)
Will    .....        (no amulet)
Stlth   +            (no ring)
HPRegen 0.24/turn    (no ring)
MPRegen 0.09/turn

%: no passive effects
@: revving
A: off-hand wielding, slow wielding, warmup strikes, legs shutdown
a: Evoke Invisibility


You were on level 2 of the Dungeon.
You visited 1 branch of the dungeon, and saw 2 of its levels.

You collected 69 gold pieces.

Inventory:

Hand Weapons
 a - a +1 sling (weapon) {Hachiro}
Armour
 c - a +0 robe
 d - a scarf of invisibility (worn)
 f - a +0 leather armour
 l - a +0 ring mail (worn)
Jewellery
 g - a ring of wizardry
Scrolls
 b - 4 scrolls of poison
 i - a scroll of identify {unknown}
 k - a scroll of vulnerability {unknown}
 m - a scroll of amnesia {unknown}
Potions
 e - a potion of lignification {unknown}
 h - a potion of haste {unknown}
 j - a potion of attraction {unknown}


   Skills:
 + Level 1.1 Fighting
 + Level 2.6 Ranged Weapons
 + Level 0.2 Armour
 + Level 1.9 Dodging
 + Level 1.0 Spellcasting
 + Level 3.1 Hexes
 + Level 0.8 Fire Magic


You had 4 spell levels left.
You didn't know any spells.
Your spell library contained the following spells:

 Spells                   Type           Power      Damage    Failure   Level
 Jinxbite                 Hex            16%        N/A       36%         2
 Sigil of Binding         Hex            8%         N/A       61%         3
 Inner Flame              Hex/Fire       5%         N/A       77%         3
 Cause Fear               Hex            4%         N/A       95%         4
 Dimensional Bullseye     Hex/Tloc       2%         N/A       99%         4


Dungeon Overview and Level Annotations

Branches:
Dungeon (2/15)

Altars:
Sif Muna

Annotations:
D:1 1 transporter


Innate Abilities, Weirdness & Mutations

You can wield a second weapon in your off-hand.
It takes a long time for you to wield or remove held weapons.
Your first few attacks do less damage.
Attacking and casting redirects power from your legs.


Message History

You shoot a sling bullet. The sling bullet hits the endoplasm!
You kill the endoplasm!
A bat comes into view.
You shoot a sling bullet. The sling bullet hits the bat.
You kill the bat!
No target in view!
Found a shimmering blue altar of Sif Muna.
A ribbon worm and a quokka come into view.
You shoot a sling bullet. The sling bullet hits the ribbon worm.
The ribbon worm is lightly wounded.
The ribbon worm barely misses you.
You shoot a sling bullet. The sling bullet hits the ribbon worm.
The ribbon worm is moderately wounded.
The ribbon worm bites you. The quokka closely misses you.
The quokka bites you but does no damage.
The ribbon worm expels a string of sticky webbing.
The stream of webbing hits you but does no damage.
You are caught in a web!
There is a web here.
You cannot shoot with your sling while caught in a web.
You cannot shoot with your sling while caught in a web.
You cannot shoot with your sling while caught in a web.
You cannot shoot with your sling while caught in a web.
You cannot shoot with your sling while caught in a web.
You struggle to detach yourself from the web.
The quokka bites you. The ribbon worm bites you.
The web tears apart.
The quokka completely misses you.
You shoot a sling bullet.
The sling bullet closely misses the quokka.
The quokka closely misses you. The ribbon worm bites you.
The quokka bites you but does no damage.
The ribbon worm barely misses you.
You are too injured to fight recklessly!
You are too injured to fight recklessly!
You shoot a sling bullet. The sling bullet hits the quokka!
You kill the quokka!
The ribbon worm bites you.
* * * LOW HITPOINT WARNING * * *
The ribbon worm bites you!
You die...

.....# #.#
....+ ...
#...# #.#
#...# #.####
#...# #....##
#...# #.##..##
#..w###......#
#..@.........#
###......._..#
#..........#
#..........#
#.........##
#.........#
#.###.....#
#.+ #.....# #
#.....#


You could see a ribbon worm.

Vanquished Creatures
  3 bats
  An endoplasm (D:2)
  A giant cockroach (D:1)
  A goblin (D:1)
  2 hobgoblins (D:1)
  3 jackals (D:1)
  A quokka (D:2)
  2 ball pythons (D:1)
  2 frilled lizards (D:1)
  A kobold (D:1)
  A rat (D:1)
18 creatures vanquished.

Notes
Turn   | Place    | Note
-------+----------+-------------------------------------------
     0 | D:1      | shadowstone the Coglin Hexslinger began the quest for the
                  | Orb.
     0 | D:1      | Reached XP level 1. HP: 15/15 MP: 2/2
    83 | D:1      | Reached skill level 3 in Hexes
    83 | D:1      | Reached XP level 2. HP: 20/21 MP: 3/3
   622 | D:1      | Reached XP level 3. HP: 26/26 MP: 4/4
  1009 | D:2      | Found a shimmering blue altar of Sif Muna.
  1032 | D:2      | Slain by a ribbon worm

Illustrated notes

Levels and vault maps discovered:
D:1:      spicycebolla_arrival_transporter_tutorial, layout_basic
D:2:      minmay_recursive_quarters, layout_basic, basic_altar,
          palyth_stone_intersect, corexii_corridor_pit, uniq_natasha,
          uniq_sigmund

Skill      XL: |  1 |
---------------+----+-----
Ranged Weapons | 2 |  2.6
Hexes          | 3 |  3.1
Fighting       | |  1.1
Armour         | |  0.2
Dodging        | |  1.9
Spellcasting   | |  1.0
Fire Magic     | |  0.8

Action                     || total
---------------------------++-------
   Fire: Sling             ||    57
 Armour: Robe              ||    22
         Leather armour    ||    15
         Ring mail         ||     9
  Dodge: Dodged            ||    55

Table legend: (Time is in decaauts)
 A = Elapsed time spent in this place.
 B = Non-inter-level travel time spent in this place.
 C = Inter-level travel time spent in this place.
 D = Time resting spent in this place.
 E = Time spent auto-exploring this place.
 F = Levels seen in this place.
 G = Mean time per level.
                   A        B        C        D        E       F      G
               +--------+--------+--------+--------+--------+-----+--------+
         Total |   1052 |    998 |     54 |     36 |    448 |   2 |  526.0 |
       Dungeon |   1052 |    998 |     54 |     36 |    448 |   2 |  526.0 |
               +--------+--------+--------+--------+--------+-----+--------+

Top non-repeatable levels by time:
     D:1: 989 daAuts
     D:2: 63 daAuts
